 Dungeon Crawl Stone Soup version 0.29-a0-780-g652cadfb38 (webtiles) character file.

Game seed: 10049505978953299299

1122 Gargoyl the Chopper (level 8, -1/75 HPs)
             Began as a Gargoyle Berserker on July 2, 2022.
             Was a Believer of Trog.
             Slain by a wight
             ... wielding a +4 dagger
              (7 damage)
             ... on level 6 of the Dungeon.
             The game lasted 00:04:21 (3402 turns).

Gargoyl the Chopper (Gargoyle Berserker)            Turns: 3402, Time: 00:04:22

Health: -1/75      AC: 13    Str: 22    XL:     8   Next: 35%
Magic:  8/8        EV: 11    Int:  9    God:    Trog [**....]
Gold:   193        SH:  0    Dex: 11    Spells: 7/7 levels left

rFire   + . .      SeeInvis +   o - +0 war axe
rCold   + . .      Faith    .   (no shield)
rNeg    + . .      Spirit   .   j - +0 ring mail
rPois   ∞          Reflect  .   (no helmet)
rElec   +          Harm     .   (no cloak)
rCorr   .          Rampage  .   b - +1 pair of gloves
Will    ++...                   (no boots)
Stlth   ..........              (no amulet)
HPRegen 1.22/turn               i - ring of see invisible
MPRegen 0.11/turn               e - ring "Sekkaxatu" {rF+ rC+ Str+2}

@: berserking, strong-willed, regenerating, very quick
A: sickness immunity, AC +5, negative energy resistance 1, electricity
resistance, torment resistance 1, petrification resistance
a: Renounce Religion, Berserk, Trog's Hand


You were on level 6 of the Dungeon.
You worshipped Trog.
Trog was pleased with you.
You visited 1 branch of the dungeon, and saw 5 of its levels.

You collected 193 gold pieces.

Inventory:

Hand Weapons
 a - a +0 hand axe
 o - a +0 war axe (weapon)
Armour
 b - a +1 pair of gloves (worn)
 j - a +0 ring mail (worn)
Jewellery
 e - the ring "Sekkaxatu" (right hand) {rF+ rC+ Str+2}
   (You acquired it on level 3 of the Dungeon)

   [ring of protection from fire]

   Str:       It affects your strength (+2).
   rF:        It protects you from fire.
   rC:        It protects you from cold.
 i - a ring of see invisible (left hand)
Wands
 n - a wand of quicksilver (11)
Scrolls
 k - a scroll of identify
Potions
 c - 2 potions of attraction {unknown}
 d - a potion of ambrosia
 f - 3 potions of lignification {unknown}
 g - a potion of might {unknown}
 h - a potion of mutation {unknown}
 l - a potion of flight {unknown}
 m - 2 potions of berserk rage {unknown}


   Skills:
 + Level 5.4 Fighting
 + Level 6.8 Axes
 + Level 4.5 Armour
 + Level 3.1 Dodging
 + Level 2.1 Stealth


You had 7 spell levels left.
You didn't know any spells.
Your spell library was empty.

Dungeon Overview and Level Annotations

Branches:
Dungeon (4/15)
 Temple: D:4-7

Altars:
Sif Muna


Innate Abilities, Weirdness & Mutations

You are immune to sickness and miasma.
Your stone body is resilient. (AC +5)
You are immune to poison.
You resist negative energy. (rN+)
You are resistant to electric shocks. (rElec)
You are resistant to unholy torment.
You are immune to petrification.


Message History

The bullfrog barely misses you. The bullfrog closely misses you.
The wight barely misses you.
You barely miss the wight. You hit the bullfrog.
You kill the bullfrog!
Trog accepts your kill. The wight hits you but does no damage.
Unknown command.
You slash the wight!
The wight is almost destroyed.
The wight hits you but does no damage.
You barely miss the wight.
The wight is almost destroyed.
You recover from your berserk rage.
The wight hits you with a +2 long sword of freezing!
The wight freezes you.
Unknown command.
You hit the wight but do no damage.
The wight is almost destroyed.
The wight hits you with a +2 long sword of freezing!
* * * LOW HITPOINT WARNING * * *
The wight freezes you.
* * * LOW HITPOINT WARNING * * *
You completely miss the wight.
The wight is almost destroyed.
The wight hits you but does no damage.
Unknown command.
A red film seems to cover your vision as you go berserk!
You feel yourself moving faster!
You feel mighty! The wight completely misses you.
You barely miss the wight.
The wight is almost destroyed.
The wight hits you with a +2 long sword of freezing!
* * * LOW HITPOINT WARNING * * *
Unknown command.
You hit the wight.
You destroy the wight!
Trog accepts your kill.
Unknown command.
You closely miss the wight. The wight hits you with a +4 dagger!
You die...

.# .. .# .# .# .# ##
####.#.#. .#...
#P####zz@.#..........
#≈#.##J####...#...#..
#≈#....# #..#...#.. #
####.####.#[..#.. #
#...#...J..#†..#...
##.###.##...#...#..
#.# ##z†)......... ##
#.#...###..##.
#z###### ...


You could see a jelly and 2 wights.

Vanquished Creatures
  Sigmund (D:2)
  A vampire mosquito (D:6)
  An ice beast (D:6)
  2 bullfrogs (D:6)
  A wight (D:6)
  A howler monkey (D:6)
  A hound (D:6)
  An orc priest (D:4)
  Jessica (D:3)
  Terence (D:2)
  An iguana (D:6)
  3 orc wizards (D:4)
  6 adders
  A shadow imp (D:6)
  A white imp (D:6)
  An ufetubus (D:6)
  9 dart slugs
  16 orcs
  4 bats
  6 endoplasms
  2 giant cockroaches (D:1)
  4 goblins
  4 hobgoblins
  6 kobolds
  2 quokkas (D:2)
  4 ball pythons
  6 frilled lizards
  6 rats
93 creatures vanquished.

Vanquished Creatures (collateral kills)
  A black bear (D:6)
  A scorpion (D:6)
  An orc (D:6)
3 creatures vanquished.

Vanquished Creatures (others)
  5 fungi (D:6)
5 creatures vanquished.

Grand Total: 101 creatures vanquished

Notes
Turn   | Place    | Note
-------+----------+-------------------------------------------
     0 | D:1      | Gargoyl the Gargoyle Berserker began the quest for the Orb.
     0 | D:1      | Reached XP level 1. HP: 14/14 MP: 1/1
   169 | D:1      | Found a faded altar of an unknown god.
   315 | D:1      | Reached XP level 2. HP: 18/19 MP: 2/2
   421 | D:1      | Reached skill level 3 in Axes
   990 | D:1      | Reached XP level 3. HP: 24/24 MP: 3/3
  1226 | D:2      | Noticed Terence
  1231 | D:2      | Killed Terence
  1232 | D:2      | Reached XP level 4. HP: 29/29 MP: 4/4
  1528 | D:2      | Reached skill level 1 in Stealth
  1537 | D:2      | Reached ** piety under Trog
  1820 | D:2      | Noticed Sigmund
  1841 | D:2      | Killed Sigmund
  1842 | D:2      | Reached skill level 4 in Axes
  1842 | D:2      | Reached XP level 5. HP: 33/33 MP: 5/5
  1842 | D:2      | Reached XP level 6. HP: 38/38 MP: 6/6
  2205 | D:3      | Identified a scroll of acquirement
  2205 | D:3      | Acquired the ring "Sekkaxatu" {rF+ rC+ Str+2}
  2226 | D:3      | Noticed Jessica
  2458 | D:3      | Killed Jessica
  3025 | D:3      | Found a shimmering blue altar of Sif Muna.
  3163 | D:4      | Reached skill level 5 in Axes
  3277 | D:4      | Reached XP level 7. HP: 44/44 MP: 7/7
  3323 | D:4      | You fall into a shaft and drop 2 floors!
  3343 | D:6      | Noticed a vampire mosquito
  3357 | D:6      | Killed a vampire mosquito
  3358 | D:6      | Reached skill level 5 in Fighting
  3358 | D:6      | Reached skill level 6 in Axes
  3366 | D:6      | Reached XP level 8. HP: 39/49 MP: 8/8
  3402 | D:6      | Slain by a wight

Illustrated notes

Levels and vault maps discovered:
D:1:      lemuel_arrival_cross, layout_basic,
          hellmonk_ecumenical_altar_crossroads
D:2:      layout_loops_corners, corexii_leaking_fountain, minmay_cupped,
          uniq_sigmund, uniq_terence
D:3:      kennysheep_slugbush, layout_rooms, led_sif_pool, uniq_jessica
D:4:      layout_loops_ring, nicolae_shop_fire_sale [nicolae_sub_dead_trees],
          cheibrodos_gnoll_hut
D:6:      cheibrodos_fzero, layout_loops_ring,
          mainiacjoe_overflow_small_starburst, serial_aquarium,
          aquarium_bridge_long_separate [aquarium_subvault_window,
          aquarium_subvault_bridge, aquarium_subvault_wall,
          aquarium_subvault_wall, aquarium_subvault_bridge,
          aquarium_subvault_bridge], aquarium_window_fake, aquarium_window_fake,
          aquarium_window_2, aquarium_window_corner, aquarium_view_2c,
          aquarium_view_2c, aquarium_pool_2, uniq_maggie

Skill      XL: |  1  2  3  4  5  6  7  8 |
---------------+-------------------------+-----
Axes           | 3 4 5 6 |  6.8
Dodging        | 2 3 |  3.1
Fighting       | 4 5 |  5.4
Stealth        | 1 2 |  2.1
Armour         | 3 4 |  4.5

Action                   |  1- 3 |  4- 6 |  7- 9 || total
-------------------------+-------+-------+-------++-------
Melee: Hand axe          |    70 |   117 |       ||   187
       War axe           |       |    45 |    43 ||    88
       Punch             |       |     2 |     2 ||     4
Invok: Berserk           |     1 |     4 |     2 ||     7
       Trog's Hand       |       |     2 |     3 ||     5
  Use: Scroll            |     1 |     2 |     1 ||     4
Armor: Animal skin       |    33 |       |       ||    33
       Ring mail         |       |    69 |    48 ||   117
Dodge: Dodged            |    53 |   105 |    48 ||   206

Table legend: (Time is in decaauts)
 A = Elapsed time spent in this place.
 B = Non-inter-level travel time spent in this place.
 C = Inter-level travel time spent in this place.
 D = Time resting spent in this place.
 E = Time spent auto-exploring this place.
 F = Levels seen in this place.
 G = Mean time per level.
                   A        B        C        D        E       F      G
               +--------+--------+--------+--------+--------+-----+--------+
         Total |   3499 |   3395 |    104 |    192 |   2409 |   5 |  699.8 |
       Dungeon |   3499 |   3395 |    104 |    192 |   2409 |   5 |  699.8 |
               +--------+--------+--------+--------+--------+-----+--------+

Top non-repeatable levels by time:
     D:2: 1360 daAuts
     D:1: 1078 daAuts
     D:3: 770 daAuts
     D:4: 197 daAuts
     D:6: 92 daAuts
